 Dungeon Crawl Stone Soup version 0.17-a0-2171-ga91b4ec (webtiles) character file.

126 fredomojojo the Firebug (level 5, 0/41 HPs)
             Began as a Hill Orc Fire Elementalist on Oct 25, 2015.
             Was an Initiate of Beogh.
             Killed from afar by a white imp (4 damage)
             ... with a puff of frost
             ... summoned by Xom
             ... on level 3 of the Dungeon.
             The game lasted 00:41:27 (1927 turns).

fredomojojo the Firebug (HOFE)                      Turns: 1927, Time: 00:41:29

Health: 0/41       AC:  5    Str: 16    XL:     5   Next: 9%
Magic:  6/7        EV: 11    Int: 16    God:    Beogh [......]
Gold:   158        SH:  0    Dex: 11    Spells: 1 memorised, 6 levels left

rFire  . . .     SeeInvis .     d - +0 mace
rCold  . . .     Clarity  .     j - +0 ring mail
rNeg   + . .     SustAt   .     (no shield)
rPois  .         Gourm    .     (no helmet)
rElec  .         Spirit   .     (no cloak)
rCorr  .         Warding  .     (no gloves)
rMut   .         Stasis   .     (no boots)
MR     .....                    (no amulet)
Stlth  +.........               q - ring of wizardry
                                f - ring of positive energy

@: mighty, very slightly contaminated, invisible, not resistant to hostile
enchantments, very unstealthy
A: no striking features
a: Renounce Religion


You were on level 3 of the Dungeon.
You worshipped Beogh.
Beogh was noncommittal.
You were not hungry.

You visited 1 branch of the dungeon, and saw 3 of its levels.

You collected 158 gold pieces.

Inventory:

Hand Weapons
 d - a +0 mace (weapon)
 e - a +0 club
 p - a +0 hunting sling
 t - a +0 falchion
Missiles
 g - 19 sling bullets
 h - 43 stones
 l - 4 javelins (quivered)
 m - 12 steel sling bullets
 s - 28 bolts
Armour
 a - a +0 robe
 j - a +0 ring mail (worn)
Jewellery
 f - a ring of positive energy (left hand)
 q - a ring of wizardry (right hand)
Scrolls
 k - 2 scrolls of amnesia
 u - a scroll of identify {unknown}
 v - a scroll of immolation {unknown}
Potions
 x - a potion of haste {unknown}
Books
 b - a book of Flames

   Spells                             Type                      Level
   a - Flame Tongue                   Conjuration/Fire             1
   b - Throw Flame                    Conjuration/Fire             2
   c - Conjure Flame                  Conjuration/Fire             3
   d - Inner Flame                    Hexes/Fire                   3
   e - Sticky Flame                   Conjuration/Fire             4
   f - Fireball                       Conjuration/Fire             5
Comestibles
 c - 2 bread rations
 o - 4 fruits
 r - a beef jerky
 w - a meat ration
 z - 4 chunks of flesh


   Skills:
 * Level 1.7 Fighting
 * Level 1.4 Maces & Flails
 * Level 1.7 Throwing
 * Level 1.3 Armour
 + Level 2.5 Dodging
 + Level 1.9 Stealth
 - Level 0.7 Unarmed Combat
 - Level 1.5 Spellcasting
 - Level 1.0 Conjurations
 - Level 3.2 Fire Magic


You had 6 spell levels left.
You knew the following spells:

 Your Spells              Type           Power        Failure   Level  Hunger
a - Flame Tongue          Conj/Fire      #....        7%          1    ##.....


Dungeon Overview and Level Annotations

Branches:
Dungeon (3/15)

Altars:
Ru
Xom


Message History

You are very lightly contaminated with residual magic.
The crimson imp barely misses you.
It was a potion of might.
You feel very mighty all of a sudden. The quasit misses you.
The quasit claws you but does no damage.
The quasit barely misses you. The crimson imp closely misses you.
The chaos spawn hits you.
* * * LOW HITPOINT WARNING * * *
You are engulfed in flames!
* * * LOW HITPOINT WARNING * * *
The crimson imp hits you but does no damage.
As you read the scroll labeled ARIR VAYCULON, it crumbles to dust.
You feel blessed for a moment.
It was a scroll of remove curse.
The iron imp hits you.
* * * LOW HITPOINT WARNING * * *
The quasit closely misses you. x3
The white imp gestures at you.
The puff of frost misses the quasit.
The puff of frost hits you!
You die...

#...........รท........#
#.
....#####.#####.###.###
#. #....#
#............# #.
#.....
.............########.
#....#
##.#####)............#.
...>.. #.#
#......######.#.
#.#####5.....######.#.
#..55555.)............
#####@####.####.###.##
.....g35# .... # #.#
######55# ......# #.#
#.=#.......# #.#
......._..... #.# ##..#
. #.# #..# #.# #..#


You could see a chaos spawn, 2 iron imps, a quasit, 2 crimson imps, 3 white
imps, an ufetubus and a goblin.

Vanquished Creatures
  A hound (D:3)
  Ijyb (D:2)
  2 adders
  An ooze (D:2)
  A worm (D:2)
  2 orcs (D:3)
  A ball python (D:2)
  A giant cockroach (D:1)
  6 goblins
  3 hobgoblins
  4 jackals (D:1)
  2 quokkas
  8 bats
  2 giant newts
  4 kobolds
  2 rats (D:2)
41 creatures vanquished.

Vanquished Creatures (others)
  An orc priest (D:3)
  2 orcs (D:3)
  A rat (D:3)
4 creatures vanquished.

Grand Total: 45 creatures vanquished

Notes
Turn   | Place    | Note
--------------------------------------------------------------
     0 | D:1      | fredomojojo the Hill Orc Fire Elementalist began the quest for the Orb.
     0 | D:1      | Reached XP level 1. HP: 14/14 MP: 3/3
   379 | D:1      | Reached XP level 2. HP: 20/20 MP: 2/4
   702 | D:2      | Reached skill level 1 in Fighting
   786 | D:2      | Reached XP level 3. HP: 26/28 MP: 5/5
   885 | D:2      | Found a shimmering altar of Xom.
   903 | D:2      | Became a worshipper of Xom of Chaos
   908 | D:2      | Noticed Ijyb
   924 | D:2      | Killed Ijyb
   924 | D:2      | Reached skill level 1 in Throwing
   924 | D:2      | Reached XP level 4. HP: 27/35 MP: 3/6
   981 | D:2      | XOM: harmless Summ miscast
   982 | D:2      | Reached skill level 1 in Maces & Flails
  1287 | D:1      | Reached skill level 1 in Armour
  1628 | D:3      | Fell from the grace of Xom
  1628 | D:3      | Became a worshipper of Beogh the Brigand
  1749 | D:3      | Reached XP level 5. HP: 33/41 MP: 5/7
  1757 | D:3      | XOM: noise
  1911 | D:3      | Found a sacrificial altar of Ru.
  1921 | D:3      | XOM: summons 11 hostile demons
  1922 | D:3      | Noticed a chaos spawn
  1927 | D:3      | Killed from afar by a white imp

Vault maps used:
D:1:      sevenhm_arrival_forest_fort_large_2
D:2:      overflow_temple_1_default, uniq_iyjb
D:3:      old_standard_altar, nicolae_ashenzari_panopticon, bloody_trog,
          nicolae_gozag_seed_capital

Action                   |  1- 3 |  4- 6 || total
-------------------------+-------+-------++-------
Melee: Unarmed           |     2 |       ||     2
       Mace              |    39 |    23 ||    62
       Club              |     6 |       ||     6
Throw: Stone             |     9 |     3 ||    12
       Javelin           |     9 |    26 ||    35
 Cast: Flame Tongue      |    21 |    10 ||    31
  Use: Scroll            |     2 |     1 ||     3
       Potion            |     1 |     1 ||     2
  Eat: Chunk             |     1 |     3 ||     4
